 Dungeon Crawl Stone Soup version 0.24.0-1-gfbc8707 (webtiles) character file.

Game seed: 9725689629820569247, levelgen mode: deterministic

5846 Buxparty the Protected (level 10, -3/91 HPs)
             Began as a Deep Dwarf Hunter on Dec 27, 2019.
             Was a Believer of Makhleb.
             Slain by a hornet (6 damage)
             ... while paralysed by a hornet
             ... on level 10 of the Dungeon.
             The game lasted 00:34:30 (8177 turns).

Buxparty the Protected (Deep Dwarf Hunter)          Turns: 8177, Time: 00:34:32

Health: -3/91      AC: 18    Str: 21    XL:     10   Next: 51%
Magic:  0/0        EV:  2    Int: 14    God:    Makhleb [**....]
Gold:   483        SH:  0    Dex: 14    Spells: 9/9 levels left

rFire    + + .     SeeInvis .   u - +5 short sword
rCold    + . .     Gourm    .   w - +0 buckler {reflect}
rNeg     . . .     Faith    .   n - +1 plate armour
rPois    .         Spirit   .   (helmet restricted)
rElec    .         Reflect  +   A - scarf {rC+ rF+}
rCorr    .         Harm     .   J - +1 pair of gloves {Str+3}
MR       ++...                  (no boots)
Stlth    ..........             g - amulet of the acrobat
HPRegen  0.00/turn              q - ring of protection from fire
MPRegen  0.07/turn              p - ring of protection from magic

@: paralysed, lethally poisoned (-3 -> -14), non-regenerating, slowed
A: damage resistance, heal wounds, horns 1, clever 1, sense surroundings 2, no
regeneration
a: Heal Wounds, Minor Destruction, Renounce Religion


You were on level 10 of the Dungeon.
You worshipped Makhleb.
Makhleb was pleased with you.
You were not hungry.

You visited 2 branches of the dungeon, and saw 11 of its levels.

You collected 548 gold pieces.
You spent 65 gold pieces at shops.

Inventory:

Hand Weapons
 a - a +1 hand crossbow
 i - a +2 long sword of holy wrath
 r - a +1 trident of venom
 u - a +5 short sword (weapon)
Missiles
 d - 99 bolts
Armour
 c - a +0 leather armour
 n - a +1 plate armour (worn)
 v - a +0 cloak
 w - a +0 buckler of reflection (worn)
 A - a scarf of resistance (worn)
 J - a +1 pair of gloves of strength (worn)
Jewellery
 g - an amulet of the acrobat (around neck)
 o - an uncursed amulet of faith
 p - a ring of protection from magic (right hand)
 q - a ring of protection from fire (left hand)
 z - a +4 ring of intelligence
 E - an uncursed ring of protection from fire
 H - an uncursed ring of flight
Wands
 B - a wand of paralysis (12)
 G - a wand of digging (2)
 I - a wand of flame (13)
Scrolls
 h - a scroll of enchant armour
 j - a scroll of blinking
 k - 12 scrolls of identify
 m - 5 scrolls of teleportation
 s - 2 scrolls of magic mapping
 y - 2 scrolls of fog
 L - a scroll of amnesia {unknown}
Potions
 b - 2 potions of curing
 e - 2 potions of haste {unknown}
 l - 3 potions of resistance
 t - a potion of brilliance {unknown}
 x - a potion of mutation
 C - a potion of berserk rage {unknown}
 D - a potion of lignification {unknown}
 F - a potion of cancellation {unknown}
Comestibles
 f - 17 rations


   Skills:
 + Level 6.1 Fighting
 + Level 9.4(9.5) Short Blades
 + Level 0.8(6.5) Long Blades
 - Level 0.2 Polearms
 + Level 5.7 Crossbows
 + Level 10.0 Armour
 - Level 2.5 Dodging
 - Level 1.3 Stealth
 + Level 1.6 Shields


You had 9 spell levels left.
You didn't know any spells.
Your spell library contained the following spells:

 Spells                   Type           Power        Failure   Level  Hunger
 Sandblast                Erth           #.....       99%         1    ##.....
 Summon Small Mammal      Summ           #...         99%         1    ##.....
 Call Imp                 Summ           #.......     100%        2    ###....
 Call Canine Familiar     Summ           #.......     100%        3    ####...
 Summon Guardian Golem    Hex/Summ       #.......     100%        3    ####...
 Leda's Liquefaction      Hex/Erth       #.........   100%        4    #####..
 Summon Ice Beast         Ice/Summ       #.......     100%        4    #####..
 Summon Lightning Spire   Summ/Air       #.......     100%        4    #####..


Dungeon Overview and Level Annotations

Branches:
Dungeon (10/15)            Temple (1/1) D:5            Lair (0/6) D:10
    Orc (0/2) D:9

Altars:
Ashenzari
Cheibriados
Dithmenos
Elyvilon
Fedhas
Gozag
Hepliaklqana
Kikubaaqudgha
Makhleb
Nemelex Xobeh
Okawaru
Qazlal
Ru
Sif Muna
Trog
Uskayaw
Vehumet
Wu Jian
Xom
Yredelemnul
Zin
The Shining One

Shops:
D:6 !

Annotations:
D:10 Fannar


Innate Abilities, Weirdness & Mutations

You are resistant to damage.
You can heal yourself by infusing magical energy.
You passively map the area around you.
You do not regenerate.
You have a pair of small horns on your head.
Your mind is acute. (Int +2)


Message History

You closely miss the hornet.
The hornet is severely wounded.
You feel sick. The hornet stings you!
* * * LOW HITPOINT WARNING * * *
You feel as though you will be slow longer.
The hornet stings you but does no damage.
You hit the hornet but do no damage. Your headbutt misses the hornet.
The hornet is severely wounded.
You feel sick.
The hornet stings you but does no damage.
You miss the hornet.
The hornet is severely wounded.
You block the hornet's attack.
You hit the hornet but do no damage.
The hornet is severely wounded.
The hornet stings you!
* * * LOW HITPOINT WARNING * * *
You are lethally poisoned!
You suddenly lose the ability to move!
The hornet stings you!
You die...

*,**,,,,,,,*##.##
****,**,,,,,,,##...##
*,,,,**,,,,,,,#.....#
*,*****,,,,,,,#....##
*,* *,,,,,,,#.#.##
*,********,***#.###
*,*,,,,,,,,** #.#
*,*,*,**,,,,**#.#
*,*,*,**,,,,,*#@# ***
*,*,*,,,......y.#
**,**
*,,,,,,*.....#..#
****,,,***
***,**,,....,.?.#
****,,,,,,,,, **
*,,,,,.#.*##.##
*,>,,,,,,,*** ,*
******..,,,..*
*,**,**,,** ,*
*#,,,*##* *,**,**,**
* ,*** *,,,*
*,**,**,* * ,,,*
*,,,* *,**,**,* *


You could see a hornet.

Vanquished Creatures
  Erolcha (D:10)
  An ugly thing (D:7)
  Joseph (D:7)
  A troll (D:7)
  3 yaks (D:6)
  A hungry ghost (D:8)
  Menkaure (D:6)
  A water moccasin (D:6)
  An orc warrior (D:8)
  An eye of draining (D:5)
  An ice beast (D:8)
  2 sky beasts
  2 black bears (D:6)
  4 centaurs
  2 ogres
  A big kobold (D:9)
  3 bullfrogs
  A wyvern skeleton (D:9)
  A scorpion (D:9)
  4 killer bees (D:9)
  5 wights
  2 howler monkeys (D:7)
  3 crimson imps
  A hound (D:5)
  A centaur zombie (D:7)
  2 jellies
  7 orc priests
  A centaur skeleton (D:8)
  A bullfrog skeleton (D:6)
  Jessica (D:2)
  Terence (D:3)
  4 iguanas
  12 worker ants
  6 orc wizards
  A hound zombie (D:7)
  3 worker ant zombies
  3 gnolls (D:2)
  9 adders
  2 shadow imps
  An ooze (D:2)
  An adder skeleton (D:7)
  5 worms
  4 dart slugs
  2 leopard geckos
  30 orcs
  10 giant cockroaches
  7 goblins
  8 hobgoblins
  10 jackals
  A quokka (D:2)
  3 ball pythons
  8 bats
  10 frilled lizards
  A jackal skeleton (D:7)
  7 kobolds
  A leopard gecko skeleton (D:7)
  A leopard gecko zombie (D:6)
  2 quokka skeletons
  A quokka zombie (D:8)
  6 rats
  A spectral orc (D:2)
218 creatures vanquished.

Notes
Turn   | Place    | Note
-------+----------+-------------------------------------------
     0 | D:1      | Buxparty the Deep Dwarf Hunter began the quest for the Orb.
     0 | D:1      | Reached XP level 1. HP: 19/19 MP: 1/1
    26 | D:1      | Reached XP level 2. HP: 26/26 MP: 2/2
   138 | D:1      | Reached skill level 5 in Crossbows
   353 | D:1      | Reached XP level 3. HP: 23/32 MP: 3/3
   777 | D:2      | Found a sacrificial altar of Ru.
   867 | D:2      | Found a glowing silver altar of Zin.
   893 | D:2      | Reached skill level 1 in Armour
   929 | D:2      | Reached XP level 4. HP: 34/39 MP: 3/3
   968 | D:2      | Reached skill level 2 in Armour
  1104 | D:2      | Reached skill level 1 in Short Blades
  1122 | D:2      | Noticed Jessica
  1123 | D:2      | Found a basalt altar of Yredelemnul.
  1126 | D:2      | Killed Jessica
  1297 | D:2      | Reached XP level 5. HP: 31/46 MP: 4/4
  1637 | D:3      | Noticed Terence
  1654 | D:3      | Killed Terence
  1654 | D:3      | Reached skill level 3 in Armour
  1839 | D:3      | Found a snail-covered altar of Cheibriados.
  2061 | D:4      | Reached XP level 6. HP: 50/55 MP: 2/2
  2083 | D:4      | Reached skill level 4 in Armour
  2583 | D:4      | Identified the Disquisition on Earth
  2601 | D:5      | Entered Level 5 of the Dungeon
  2787 | D:5      | Reached XP level 7. HP: 50/62 MP: 3/3
  2814 | D:5      | Reached skill level 5 in Armour
  2867 | D:5      | Found a staircase to the Ecumenical Temple.
  2873 | Temple   | Entered the Ecumenical Temple
  3034 | Temple   | Became a worshipper of Makhleb the Destroyer
  3564 | D:5      | Gained mutation: Your mind is acute. (Int +2) [potion of
                  | mutation]
  3564 | D:5      | Gained mutation: You have a pair of small horns on your
                  | head. [potion of mutation]
  3935 | D:5      | Reached XP level 8. HP: 61/72 MP: 1/4
  4102 | D:6      | Reached skill level 6 in Armour
  4135 | D:6      | Found an iron altar of Okawaru.
  4199 | D:6      | Reached skill level 5 in Short Blades
  4359 | D:6      | Reached skill level 7 in Armour
  4360 | D:6      | Found a bloodstained altar of Trog.
  4423 | D:6      | Noticed Menkaure
  4436 | D:6      | Killed Menkaure
  4445 | D:6      | You fall into a shaft and drop 3 floors!
  4445 | D:9      | Found a stormy altar of Qazlal.
  4454 | D:9      | Gained mutation: You passively map the area around you.
                  | [Deep Dwarf growth]
  4454 | D:9      | Reached XP level 9. HP: 63/79 MP: 5/5
  4487 | D:9      | Reached * piety under Makhleb
  4714 | D:8      | Reached skill level 8 in Armour
  4882 | D:8      | Reached skill level 5 in Fighting
  4922 | D:8      | Found an ornate altar of the Wu Jian Council.
  5471 | D:7      | Noticed Joseph
  5530 | D:7      | Killed Joseph
  5598 | D:7      | Reached ** piety under Makhleb
  5913 | D:7      | Noticed a cyan ugly thing
  5914 | D:7      | Noticed a troll
  5945 | D:7      | Killed a cyan ugly thing
  5945 | D:7      | Reached skill level 9 in Armour
  5945 | D:7      | Reached XP level 10. HP: 76/88 MP: 3/3
  6624 | D:6      | Found a glowing golden altar of the Shining One.
  6962 | D:6      | Found Wyeppo's Distillery.
  6975 | D:6      | Bought a potion of heal wounds for 65 gold pieces
  7497 | D:9      | Found a staircase to the Orcish Mines.
  7540 | D:9      | Found a white marble altar of Elyvilon.
  7779 | D:9      | Reached skill level 1 in Shields
  7987 | D:10     | Entered Level 10 of the Dungeon
  7987 | D:10     | Noticed Erolcha
  8006 | D:10     | Killed Erolcha
  8006 | D:10     | Reached skill level 10 in Armour
  8020 | D:10     | Noticed Fannar
  8136 | D:10     | Identified a scroll of acquirement
  8164 | D:10     | Paralysed by a hornet for 2 turns
  8177 | D:10     | HP: 3/91 [hornet (9)]
  8177 | D:10     | Paralysed by a hornet for 3 turns
  8177 | D:10     | Slain by a hornet

Levels and vault maps discovered:
D:1:      sevenhm_arrival_forest_fort_small_1, layout_basic
D:2:      layout_rooms, nicolae_overflow_crystal_walls,
          nicolae_ru_sacrificial_ziggurat, yredelemnul_forgotten_temple_becter,
          bh_walls_and_bars, uniq_jessica
D:3:      layout_rooms, marbit_many_paths, uniq_terence
D:4:      layout_loops_cross, first_ration
D:5:      layout_basic, minmay_temple_entry_hall
D:6:      layout_loops_corners, okawaru_metal_pillars_1_2, trog_ov_bears_minmay,
          tso_altar, serial_shops, shop, serial_glass, glass_columns_b,
          glass_columns_a, uniq_menkaure
D:7:      minmay_chambers_of_sevens, layout_layer_cave, uniq_joseph
D:8:      layout_rooms, kennysheep_mini_moat
D:9:      layout_basic, grunt_qazlal_clouds, elyvilon_altar_4, orc_0_dummy,
          blue_anna_alchemist [blue_anna_fruit_fields, blue_anna_fruit_fields]
D:10:     layout_loops_cross, lair_entry_dummy, uniq_fannar, uniq_erolcha
Temple:   chequers_temple_sunken

Skill      XL: |  1  2  3  4  5  6  7  8  9 10 |
---------------+-------------------------------+-----
Crossbows      | 5 |  5.7
Fighting       | 2 3 4 5 6 |  6.1
Armour         | 1 2 3 4 5 7 9 10 | 10.0
Short Blades   | 1 2 3 4 6 8 9 |  9.4
Shields        | 1 |  1.6
Long Blades    | |  0.8
Polearms       | |  0.2
Dodging        | |  2.5
Stealth        | |  1.3

Action                   |  1- 3 |  4- 6 |  7- 9 | 10-12 || total
-------------------------+-------+-------+-------+-------++-------
Melee: Short sword       |   125 |   378 |   479 |   290 ||  1272
       Trident           |       |    58 |       |       ||    58
       Headbutt          |       |       |    90 |    45 ||   135
       Long sword        |       |       |     5 |       ||     5
 Fire: Hand crossbow     |    35 |       |     8 |       ||    43
 Abil: Heal Wounds       |     7 |    12 |    21 |     3 ||    43
  Use: Scroll            |       |       |    10 |     3 ||    13
       Potion            |       |       |     7 |     1 ||     8
 Stab: Sleeping          |     1 |       |       |       ||     1
  Eat: Chunk             |       |     1 |     2 |       ||     3
       Ration            |       |     2 |     4 |     2 ||     8
Armor: Leather armour    |    27 |       |       |       ||    27
       Plate armour      |   123 |   372 |   252 |   146 ||   893
Dodge: Dodged            |   119 |   159 |   116 |    71 ||   465
Block: Buckler           |       |       |     2 |    42 ||    44
       Rpst.: Long sword |       |       |     1 |       ||     1
